 Dungeon Crawl Stone Soup version 0.29.0-15-g675c0067aa (webtiles) character file.

Game seed: 14310904997176666226

2364 qw the Cleaver (level 9, 0/79 HPs)
             Began as a Minotaur Berserker on Sept 12, 2022.
             Was an Elder of Trog.
             Succumbed to a hornet's poison
             ... on level 6 of the Dungeon.
             The game lasted 00:02:33 (7831 turns).

qw the Cleaver (Minotaur Berserker)                 Turns: 7831, Time: 00:02:34

Health: 0/79       AC: 13    Str: 26    XL:     9   Next: 21%
Magic:  8/8        EV:  9    Int:  4    God:    Trog [****..]
Gold:   491        SH:  0    Dex: 10    Spells: 8/8 levels left

rFire   . . .      SeeInvis .   Y - +0 war axe
rCold   . . .      Faith    .   (no shield)
rNeg    . . .      Spirit   .   b - +0 chain mail
rPois   .          Reflect  .   (helmet restricted)
rElec   .          Harm     .   (no cloak)
rCorr   +          Rampage  .   (no gloves)
Will    .....                   (no boots)
Stlth   ..........              (no amulet)
HPRegen 0.23/turn               d - +4 ring of protection
MPRegen 0.11/turn               f - ring of resist corrosion

@: lethally poisoned (0 -> -3), on berserk cooldown, slowed, very slow
A: horns 2, retaliatory headbutt
a: Renounce Religion, Berserk, Trog's Hand, Brothers in Arms


You were on level 6 of the Dungeon.
You worshipped Trog.
Trog was greatly pleased with you.
You visited 1 branch of the dungeon, and saw 7 of its levels.

You collected 491 gold pieces.


Innate Abilities, Weirdness & Mutations

You have a pair of horns on your head.
You reflexively headbutt those who attack you in melee.


   Skills:
 + Level 7.1 Fighting
 - Level 13.0 Axes
 - Level 1.8 Throwing
 - Level 4.6 Armour
 - Level 2.1 Dodging


You had 8 spell levels left.
You didn't know any spells.
Your spell library was empty.

Inventory:

Hand Weapons
 o - a +0 flail of protection
 Y - a +0 war axe (weapon)
Missiles
 c - a boomerang (quivered)
Armour
 b - a +0 chain mail (worn)
Jewellery
 d - a +4 ring of protection (left hand)
 f - a ring of resist corrosion (right hand)
Scrolls
 a - a scroll of identify
 k - 2 scrolls of teleportation
 n - a scroll of enchant armour
Potions
 g - a potion of mutation
 h - a potion of curing
 s - a potion of haste {unknown}

Dungeon Overview and Level Annotations

Branches:
Dungeon (7/15)
 Temple: D:4-7

Altars:
Kikubaaqudgha
Nemelex Xobeh


Message History

You miss the killer bee. Your headbutt misses the killer bee.
The killer bee is almost dead.
You completely miss the hornet.
You feel very sick. The killer bee closely misses you. The hornet stings you.
You feel as though you will be slow longer.
The killer bee stings you but does no damage.
You miss the killer bee.
The killer bee is almost dead.
You slash the hornet!
You feel sick.
The killer bee stings you but does no damage.
The hornet stings you.
You feel as though you will be slow longer.
You closely miss the killer bee. Your headbutt misses the killer bee.
The killer bee is almost dead.
You slash the hornet!
You feel the power of Trog in you as your rage grows.
You kill the hornet!
Trog accepts your kill.
You feel sick.
The killer bee stings you but does no damage.
The killer bee stings you.
You slash the killer bee!
You kill the killer bee!
Trog accepts your kill.
You feel sick.
Your Axes skill increases to level 13!
There is a lethal amount of poison in your body!
You feel sick.
There is a lethal amount of poison in your body!
You feel a strong urge to attack something.
You feel sick.
There is a lethal amount of poison in your body!
You feel sick.
There is a lethal amount of poison in your body!
You feel your anger nearly subside.
You are no longer berserk.
You are exhausted.
You feel as though you will be slow longer.
You die...

#...#.##......##.#...##..####
##..#.#........[.#.#).#...#...
#...##............##..........
#..#................#....#....
#.............................
#....+...#.).#........##......
##...#.<..............##......
#...#.........#..........##..
#...#...#...@.#.>^.......##.#
#...#...#..%........)....##..
#####...#.##........).......#
##############.##########
#.....................
#..##...#....####.....
#.###...#....# ###...
#.###..##....#######..
#......###.......[##..


There were no monsters in sight!

Vanquished Creatures
  A hornet (D:6)
  Edmund (D:5)
  A black bear (D:5)
  3 ogres
  2 centaurs (D:6)
  2 phantoms (D:6)
  Blork the orc (D:5)
  2 scorpions (D:5)
  2 necrophages
  5 killer bees (D:6)
  A jelly (D:4)
  4 orc priests
  4 hounds (D:6)
  A gnoll bouda (D:6)
  4 iguanas
  3 orc wizards (D:6)
  18 gnolls
  3 adders (D:6)
  A shadow imp (D:5)
  An ufetubus (D:4)
  A worm (D:2)
  2 dart slugs
  12 orcs
  11 ball pythons
  7 endoplasms
  3 giant cockroaches (D:3)
  27 goblins
  37 hobgoblins
  7 jackals
  6 kobolds
  6 quokkas
  7 bats
  5 frilled lizards
  3 rats
194 creatures vanquished.

Notes
Turn   | Place    | Note
-------+----------+-------------------------------------------
     0 | D:1      | qw the Minotaur Berserker began the quest for the Orb.
     0 | D:1      | Reached XP level 1. HP: 19/19 MP: 0/0
     0 | D:1      | 0 ||| qw: Version: 0.1-a-119-g272c26d
     0 | D:1      | 0 ||| qw: Game counter: 10863
     0 | D:1      | 0 ||| qw: Always use a shield: true
     0 | D:1      | 0 ||| qw: Do Orc after D:15 true
     0 | D:1      | 0 ||| qw: Do second Lair branch before Depths: true
     0 | D:1      | 0 ||| qw: Lair rune preference: random
     0 | D:1      | 0 ||| qw: Plans: Normal
     0 | D:1      | 0 ||| PLANNING D:1-11
   335 | D:1      | Reached skill level 4 in Axes
   437 | D:1      | 437 ||| Stepping ~*~*~tactically~*~*~ (stealth).
   442 | D:1      | 442 ||| Stepping ~*~*~tactically~*~*~ (stealth).
   448 | D:1      | Reached XP level 2. HP: 24/26 MP: 1/1
   486 | D:1      | 486 ||| Stepping ~*~*~tactically~*~*~ (stealth).
   631 | D:1      | 631 ||| Stepping ~*~*~tactically~*~*~ (stealth).
   635 | D:1      | 635 ||| Stepping ~*~*~tactically~*~*~ (stealth).
   678 | D:1      | 678 ||| Stepping ~*~*~tactically~*~*~ (stealth).
   680 | D:1      | 680 ||| Stepping ~*~*~tactically~*~*~ (stealth).
   691 | D:1      | 691 ||| Stepping ~*~*~tactically~*~*~ (stealth).
   834 | D:1      | 834 ||| DROPPING +0 club.
   907 | D:1      | 907 ||| UPGRADING to +4 ring of protection.
   908 | D:1      | 908 ||| UPGRADING to ring of resist corrosion.
   909 | D:1      | 909 ||| READING 3 scrolls labelled ROAGADERCHU.
   910 | D:1      | 910 ||| READING scroll labelled JOAB XO GASK.
   911 | D:1      | 911 ||| READING scroll labelled YCIJUNOCWA.
   912 | D:1      | 912 ||| READING scroll labelled QIEMOO PERUXO.
   917 | D:1      | 917 ||| READING 2 scrolls of identify.
   917 | D:1      | 917 ||| IDENTIFYING fuming emerald potion
   969 | D:2      | Reached skill level 5 in Axes
   972 | D:2      | Reached XP level 3. HP: 28/31 MP: 2/2
  1048 | D:2      | 1048 ||| INVOKING Berserk.
  1487 | D:2      | 1487 ||| Stepping ~*~*~tactically~*~*~ (stealth).
  1488 | D:2      | 1488 ||| Stepping ~*~*~tactically~*~*~ (stealth).
  1493 | D:2      | Reached ** piety under Trog
  1785 | D:2      | 1785 ||| INVOKING Berserk.
  1794 | D:2      | Reached skill level 6 in Axes
  1794 | D:2      | Reached XP level 4. HP: 39/39 MP: 3/3
  2001 | D:2      | 2001 ||| UPGRADING to +0 leather armour.
  2011 | D:2      | 2011 ||| DROPPING +0 animal skin.
  2012 | D:2      | 2012 ||| READING scroll labelled DOF YMIPHAUHI.
  2013 | D:2      | 2013 ||| READING scroll labelled PAWIXT DO UDUC.
  2014 | D:2      | 2014 ||| READING scroll labelled RIPLAR KUDU.
  2015 | D:2      | 2015 ||| READING 2 scrolls of identify.
  2015 | D:2      | 2015 ||| IDENTIFYING white potion
  2016 | D:2      | 2016 ||| DROPPING potion of ambrosia.
  2161 | D:3      | 2161 ||| INVOKING Berserk.
  2308 | D:3      | 2308 ||| Stepping ~*~*~tactically~*~*~ (stealth).
  2310 | D:3      | 2310 ||| Stepping ~*~*~tactically~*~*~ (hiding).
  2312 | D:3      | 2312 ||| INVOKING Berserk.
  2316 | D:3      | Reached skill level 7 in Axes
  2316 | D:3      | Reached XP level 5. HP: 45/45 MP: 4/4
  2494 | D:3      | 2494 ||| Stepping ~*~*~tactically~*~*~ (stealth).
  2496 | D:3      | 2496 ||| Stepping ~*~*~tactically~*~*~ (stealth).
  2500 | D:3      | 2500 ||| Stepping ~*~*~tactically~*~*~ (stealth).
  2502 | D:3      | 2502 ||| Stepping ~*~*~tactically~*~*~ (stealth).
  2826 | D:3      | Reached *** piety under Trog
  3107 | D:3      | 3107 ||| UPGRADING to +0 ring mail.
  3117 | D:3      | 3117 ||| DROPPING +0 leather armour.
  3118 | D:3      | 3118 ||| READING scroll labelled FOOTUI YVEPUOR.
  3119 | D:3      | 3119 ||| READING 2 scrolls of identify.
  3119 | D:3      | 3119 ||| IDENTIFYING glowing cyan potion
  3120 | D:3      | 3120 ||| DROPPING potion of attraction.
  3230 | D:4      | 3230 ||| Stepping ~*~*~tactically~*~*~ (stealth).
  3234 | D:4      | 3234 ||| Stepping ~*~*~tactically~*~*~ (stealth).
  3237 | D:4      | 3237 ||| INVOKING Berserk.
  3241 | D:4      | Reached XP level 6. HP: 52/52 MP: 5/5
  3400 | D:4      | 3400 ||| INVOKING Berserk.
  3404 | D:4      | Reached skill level 8 in Axes
  3474 | D:4      | 3474 ||| Stepping ~*~*~tactically~*~*~ (stealth).
  3600 | D:4      | 3600 ||| INVOKING Berserk.
  3750 | D:4      | 3750 ||| INVOKING Berserk.
  3938 | D:4      | 3938 ||| INVOKING Berserk.
  4131 | D:4      | Reached **** piety under Trog
  4154 | D:4      | Reached skill level 9 in Axes
  4790 | D:4      | 4790 ||| DROPPING +0 whip.
  4792 | D:4      | 4792 ||| Stepping ~*~*~tactically~*~*~ (hiding).
  4793 | D:4      | 4793 ||| Stepping ~*~*~tactically~*~*~ (hiding).
  4798 | D:4      | 4798 ||| INVOKING Berserk.
  4932 | D:4      | 4932 ||| SWAPPING to +2 vorpal hand axe.
  4933 | D:4      | 4933 ||| DROPPING +0 hand axe.
  5263 | D:4      | 5263 ||| UPGRADING to +0 chain mail.
  5273 | D:4      | 5273 ||| DROPPING +0 ring mail.
  5274 | D:4      | 5274 ||| READING 3 scrolls of identify.
  5274 | D:4      | 5274 ||| IDENTIFYING purple potion
  5275 | D:4      | 5275 ||| READING 2 scrolls of identify.
  5275 | D:4      | 5275 ||| IDENTIFYING cyan potion
  5276 | D:4      | 5276 ||| DROPPING potion of brilliance.
  5277 | D:4      | 5277 ||| DROPPING potion of flight.
  5298 | D:5      | Entered Level 5 of the Dungeon
  5305 | D:5      | 5305 ||| INVOKING Berserk.
  5311 | D:5      | Reached XP level 7. HP: 62/62 MP: 6/6
  5323 | D:5      | 5323 ||| STAIRDANCE
  5452 | D:5      | 5452 ||| INVOKING Berserk.
  5456 | D:5      | Reached skill level 3 in Armour
  5666 | D:5      | 5666 ||| Stepping ~*~*~tactically~*~*~ (stealth).
  5774 | D:5      | Noticed Blork the orc
  5775 | D:5      | 5775 ||| Stepping ~*~*~tactically~*~*~ (hiding).
  5782 | D:5      | 5782 ||| INVOKING Berserk.
  5787 | D:5      | Killed Blork the orc
  5809 | D:5      | Reached skill level 10 in Axes
  5864 | D:5      | 5864 ||| INVOKING Berserk.
  5868 | D:5      | Reached skill level 1 in Throwing
  6018 | D:5      | Found an ancient bone altar of Kikubaaqudgha.
  6026 | D:5      | Found a sparkling altar of Nemelex Xobeh.
  6061 | D:5      | Reached skill level 6 in Fighting
  6061 | D:5      | Reached XP level 8. HP: 70/70 MP: 7/7
  6108 | D:5      | Noticed Edmund
  6113 | D:5      | 6113 ||| INVOKING Berserk.
  6119 | D:5      | Killed Edmund
  6232 | D:5      | 6232 ||| DROPPING +0 flail.
  6389 | D:5      | 6389 ||| DROPPING ring of magical power.
  6390 | D:5      | 6390 ||| READING scroll labelled RENEOWN XUAG.
  6491 | D:5      | 6491 ||| READING 2 scrolls of identify.
  6491 | D:5      | 6491 ||| IDENTIFYING lumpy ruby potion
  6492 | D:5      | 6492 ||| DROPPING potion of lignification.
  6617 | D:6      | Reached skill level 11 in Axes
  6712 | D:6      | 6712 ||| Stepping ~*~*~tactically~*~*~ (hiding).
  6717 | D:6      | 6717 ||| INVOKING Berserk.
  6724 | D:6      | Reached skill level 12 in Axes
  6880 | D:6      | 6880 ||| Stepping ~*~*~tactically~*~*~ (hiding).
  6893 | D:6      | 6893 ||| FLEEEEING.
  6894 | D:6      | 6894 ||| FLEEEEING.
  6897 | D:6      | 6897 ||| FLEEEEING.
  6898 | D:6      | 6898 ||| FLEEEEING.
  6899 | D:6      | 6899 ||| FLEEEEING.
  6900 | D:6      | 6900 ||| FLEEEEING.
  6901 | D:6      | 6901 ||| FLEEEEING.
  6904 | D:6      | 6904 ||| FLEEEEING.
  6908 | D:6      | 6908 ||| FLEEEEING.
  6909 | D:6      | 6909 ||| FLEEEEING.
  6910 | D:6      | 6910 ||| FLEEEEING.
  6911 | D:6      | 6911 ||| FLEEEEING.
  6912 | D:6      | 6912 ||| FLEEEEING.
  6915 | D:6      | 6915 ||| INVOKING Berserk.
  7057 | D:6      | 7057 ||| Stepping ~*~*~tactically~*~*~ (hiding).
  7058 | D:6      | 7058 ||| Stepping ~*~*~tactically~*~*~ (hiding).
  7059 | D:6      | 7059 ||| SWAPPING to +0 war axe.
  7068 | D:6      | 7068 ||| DROPPING +2 vorpal hand axe.
  7320 | D:6      | Identified the +1 robe of the Minstrel {Dex+2}
  7400 | D:6      | 7400 ||| DROPPING amulet of faith.
  7401 | D:6      | 7401 ||| READING scroll labelled WAPERUP SIUNWE.
  7402 | D:6      | 7402 ||| READING 3 scrolls labelled VIOG CUGIUNUU.
  7561 | D:6      | 7561 ||| READING scroll labelled QIERUESTRALL.
  7562 | D:6      | 7562 ||| READING scroll labelled MIWNIURUSTO.
  7563 | D:6      | 7563 ||| DRINKING 2 coppery potions.
  7667 | D:6      | 7667 ||| READING 3 scrolls of identify.
  7667 | D:6      | 7667 ||| IDENTIFYING bubbling coppery potion
  7668 | D:6      | 7668 ||| READING 2 scrolls of identify.
  7668 | D:6      | 7668 ||| IDENTIFYING smoky blue potion
  7669 | D:6      | 7669 ||| DROPPING potion of invisibility.
  7670 | D:6      | 7670 ||| DROPPING potion of berserk rage.
  7671 | D:6      | 7671 ||| DROPPING 2 scrolls of torment.
  7701 | D:7      | Noticed a hornet
  7703 | D:7      | 7703 ||| STAIRDANCE
  7711 | D:6      | Reached XP level 9. HP: 61/79 MP: 8/8
  7817 | D:7      | 7817 ||| STAIRDANCE
  7819 | D:6      | Paralysed by a hornet for 2 turns
  7822 | D:6      | 7822 ||| INVOKING Berserk.
  7823 | D:6      | HP: 27/118 [poisoned by a hornet]
  7825 | D:6      | HP: 10/118 [hornet (6)]
  7827 | D:6      | HP: 4/118 [poisoned by a hornet]
  7828 | D:6      | Reached skill level 13 in Axes
  7830 | D:6      | HP: 1/118 [poisoned by a hornet]
  7831 | D:6      | Succumbed to a hornet's poison

Levels and vault maps discovered:
D:1:      spicycebolla_arrival_xxxplode, layout_rooms
D:2:      layout_basic
D:3:      minmay_chambers_of_twos, layout_loops_ring,
          corexii_item_surrounded_by_moat, chequers_serial_rivers_micro_c
D:4:      minmay_goblin_kobold_castle, layout_basic
D:5:      layout_cave_pools, minitemple, minmay_misc_feat_plants, uniq_edmund,
          uniq_blork_the_orc
D:6:      minmay_recursive_quarters, layout_basic, hangedman_decor_slide_cut,
          grunt_ministairs_6, minmay_misc_feat_secret_circle
D:7:      layout_loops_cross, minmay_temple_entry_trees,
          kennysheep_generic_room_8

Skill      XL: |  1  2  3  4  5  6  7  8  9 |
---------------+----------------------------+-----
Axes           | 4 5 6 7 9 10 12 13 | 13.0
Fighting       | 4 5 6 7 |  7.1
Armour         | 3 4 |  4.6
Throwing       | 1 |  1.8
Dodging        | |  2.1

Action                   |  1- 3 |  4- 6 |  7- 9 || total
-------------------------+-------+-------+-------++-------
Melee: Hand axe          |    77 |   238 |   105 ||   420
       Headbutt          |     5 |    31 |    16 ||    52
       Punch             |       |     2 |     1 ||     3
       War axe           |       |       |    22 ||    22
Throw: Boomerang         |       |       |    33 ||    33
Invok: Berserk           |     2 |     9 |     7 ||    18
  Use: Scroll            |     5 |     8 |     8 ||    21
       Potion            |       |       |     1 ||     1
 Stab: Distracted        |       |       |     1 ||     1
Armor: Animal skin       |    21 |       |       ||    21
       Leather armour    |       |    26 |       ||    26
       Ring mail         |       |    40 |       ||    40
       Chain mail        |       |     3 |    83 ||    86
Dodge: Dodged            |    39 |    85 |    65 ||   189

Table legend:
 A = Non-vault XP
 B = Vault XP
 C = Vault XP percentage of total XP
 D = Non-vault monster count
 E = Vault monster count
 F = Vault count percentage of total count
                 A         B        C        D         E       F
            +---------+---------+-------+---------+---------+-------
      Total |    2368 |    1010 |  29.9 |     122 |      72 |  37.1
            +---------+---------+-------+---------+---------+-------
        D:1 |      33 |       0 |   0.0 |      19 |       0 |   0.0
        D:2 |      77 |       0 |   0.0 |      19 |       0 |   0.0
        D:3 |     170 |      14 |   7.6 |      28 |       8 |  22.2
        D:4 |     239 |     193 |  44.7 |      20 |      54 |  73.0
        D:5 |     718 |     260 |  26.6 |      14 |       2 |  12.5
        D:6 |    1131 |     543 |  32.4 |      22 |       8 |  26.7
            +---------+---------+-------+---------+---------+-------
